 Dungeon Crawl Stone Soup version 0.24.1-14-gf8d2b509d9 (webtiles) character file.

Game seed: 15244870760578212580, levelgen mode: deterministic

539 Hugehornet the Sneak (level 7, 0/46 HPs)
             Began as an Octopode Transmuter on May 17, 2020.
             Slain by Edmund
             ... wielding a +0 flail of protection
              (7 damage)
             ... on level 5 of the Dungeon.
             The game lasted 00:11:07 (4442 turns).

Hugehornet the Sneak (Octopode Transmuter)          Turns: 4442, Time: 00:11:08

Health: 0/46       AC:  2    Str: 10    XL:     7   Next: 26%
Magic:  4/10       EV: 23    Int: 25    God:
Gold:   137        SH:  0    Dex: 15    Spells: 4/10 levels left

rFire    . . .     SeeInvis .     - Unarmed
rCold    + . .     Gourm    .   (shield currently unavailable)
rNeg     . . .     Faith    .   (helmet currently unavailable)
rPois    .         Spirit   .   (no amulet)
rElec    .         Reflect  .   k - +3 ring of evasion
rCorr    .         Harm     .   n - ring of Fatigue {+Fly rPois rC+ Int+8 Dex-4}
MR       .....     Clarity  +   (no ring)
Stlth    +++.......             (no ring)
HPRegen  0.15/turn              (no ring)
MPRegen  0.12/turn              (no ring)
                                (no ring)
                                (no ring)

@: spider-form, very slightly contaminated, hasted, very quick
A: tiny, almost no armour, stealthy swim, (amphibious), 8 rings, (constrict 8),
agile 1, clarity
a: End Transformation, Evoke Flight


You were on level 5 of the Dungeon.
You were not hungry.
You were a venomous arachnid creature.
You visited 2 branches of the dungeon, and saw 6 of its levels.
You also visited: Ossuary.

You collected 137 gold pieces.

Inventory:

Missiles
 a - 12 arrows
Jewellery
 g - an uncursed amulet of rage
 k - a +3 ring of evasion (left front leg)
 n - the ring of Fatigue (right front leg) {+Fly rPois rC+ Int+8 Dex-4}
   (You found it on level 4 of the Dungeon)

   [ring of flight]

   It affects your intelligence (+8).
   It affects your dexterity (-4).
   It protects you from cold.
   It protects you from poison.
   It lets you fly.
Scrolls
 f - a scroll of identify
 h - a scroll of remove curse
 q - a scroll of amnesia
 r - a scroll of immolation
Potions
 b - 2 potions of heal wounds {unknown}
 d - 2 potions of lignification {unknown}
 e - 2 potions of brilliance
 j - 2 potions of flight {unknown}
 l - a potion of haste
 o - 2 potions of curing {unknown}
 s - a potion of might {unknown}
 t - a potion of magic {unknown}
 u - a potion of invisibility {unknown}
Comestibles
 c - 4 rations


   Skills:
 - Level 3.2 Fighting
 - Level 3.0 Dodging
 + Level 6.9 Stealth
 - Level 3.0 Unarmed Combat
 - Level 2.0 Spellcasting
 - Level 3.0 Transmutations
 - Level 3.4 Poison Magic


You had 4 spell levels left.
You knew the following spells:

 Your Spells              Type           Power        Failure   Level  Hunger
a - Beastly Appendage     Tmut           ###...       11%         1    None
b - Sticks to Snakes      Tmut           ###.....     14%         2    ##.....
c - Spider Form           Tmut/Pois      ###.......   22%         3    ###....

Your spell library contained the following spells:

 Spells                   Type           Power        Failure   Level  Hunger
 Ice Form                 Ice/Tmut       ##......     73%         4    ####...
 Blade Hands              Tmut           ###.......   83%         5    ######.


Dungeon Overview and Level Annotations

Branches:
Dungeon (4/15)             Temple (1/1) D:4         Ossuary (visited)

Altars:
Ashenzari
Cheibriados
Fedhas
Hepliaklqana
Makhleb
Nemelex Xobeh
Okawaru
Qazlal
Ru
Trog
Xom
Yredelemnul
Zin

Shops:
D:4 :

Annotations:
D:3 3 runed translucent doors, harkrass's ghost, amateur MiFi
D:5 Edmund


Innate Abilities, Weirdness & Mutations

You cannot wear most types of armour.
You are very stealthy in the water. (Stealth+)
((You are amphibious.))
You can wear up to eight rings at the same time.
((You can use your tentacles to constrict eight enemies at once.))
((Your skin changes colour to match your surroundings (Stealth+).))
((Your rubbery body absorbs attacks. (AC +1, EV +1)))
((One of your tentacles bears a spike.))
You are agile. (Dex +2)
You possess an exceptional clarity of mind.


Message History

The crimson imp hits you but does no damage.
You tentacle-slap the crimson imp.
You kill the crimson imp!
Casting: Beastly Appendage (safe; 3% risk of failure)
Confirm with . or Enter, or press ? or * to list all spells.
You miscast Spider Form.
You are very lightly contaminated with residual magic.
Nothing appears to happen.
Edmund hits you with a +0 flail of protection!
Edmund hits you with a +0 flail of protection.
Casting: Spider Form (safe; 9% risk of failure)
Confirm with . or Enter, or press ? or * to list all spells.
You turn into a venomous arachnid creature.
Edmund misses you.
You feel yourself speed up.
Edmund hits you with a +0 flail of protection!
* * * LOW HITPOINT WARNING * * *
You hit Edmund but do no damage.
Edmund is poisoned.
Edmund hits you with a +0 flail of protection!
You die...

###...?####....(.$..# #..
.....)..................+
######..................#
#........##.#.......##
#.#..###.##.##.....##
#.#..# #.##.###...## #
#... ..##.# #+## #.##
..##.# ...##s# .###@###@#
.........# ####.#####


You could see Edmund.

Vanquished Creatures
  Menkaure (D:4)
  A bullfrog (D:3)
  2 crimson imps (D:5)
  A centaur zombie (Ossuary)
  A human zombie (Ossuary)
  An orc wizard (D:5)
  A worker ant (D:4)
  A big kobold zombie (Ossuary)
  4 mummies (Ossuary)
  An adder (D:2)
  A shadow imp (D:5)
  2 oozes (D:3)
  A worm (D:2)
  3 dart slugs
  3 leopard geckos
  5 orcs
  4 giant cockroaches
  7 goblins
  3 hobgoblins
  2 jackals (D:3)
  6 kobolds
  A ball python (D:1)
  3 bats (D:1)
  4 frilled lizards
  2 gnoll zombies (Ossuary)
  2 kobold zombies (Ossuary)
  An orc zombie (Ossuary)
  11 rats
75 creatures vanquished.

Notes
Turn   | Place    | Note
-------+----------+-------------------------------------------
     0 | D:1      | Hugehornet the Octopode Transmuter began the quest for the
                  | Orb.
     0 | D:1      | Reached XP level 1. HP: 13/13 MP: 3/3
     6 | D:1      | Noticed a redback
     6 | D:1      | Noticed a water moccasin
     6 | D:1      | Noticed a hound
     7 | D:1      | Noticed a lindwurm
    55 | D:1      | Reached skill level 1 in Stealth
   139 | D:1      | Reached skill level 2 in Stealth
   140 | D:1      | Reached XP level 2. HP: 6/18 MP: 3/5
   389 | D:1      | Reached skill level 3 in Stealth
   599 | D:1      | Reached XP level 3. HP: 21/23 MP: 6/6
   690 | D:1      | Reached skill level 4 in Stealth
   785 | D:1      | Learned a level 2 spell: Sticks to Snakes
   789 | D:1      | Learned a level 3 spell: Spider Form
  1034 | D:2      | Found a glowing silver altar of Zin.
  1366 | D:2      | Found a burning altar of Makhleb.
  1866 | D:3      | Reached skill level 1 in Poison Magic
  1866 | D:3      | Reached XP level 4. HP: 19/29 MP: 7/7
  1967 | D:3      | Noticed a bullfrog
  1974 | D:3      | Killed a bullfrog
  1974 | D:3      | Reached XP level 5. HP: 17/34 MP: 6/8
  2257 | D:3      | Found a runed translucent gate.
  2257 | D:3      | Found a runed translucent gate.
  2257 | D:3      | Found a runed translucent gate.
  2807 | D:3      | Noticed harkrass's ghost (amateur MiFi)
  2857 | D:4      | Noticed Menkaure
  2870 | D:4      | Killed Menkaure
  2870 | D:4      | Reached skill level 6 in Stealth
  2870 | D:4      | Reached XP level 6. HP: 39/39 MP: 9/9
  2897 | D:4      | Got a sparkling steel ring
  2898 | D:4      | Identified the ring of Fatigue {+Fly rPois rC+ Int+8 Dex-4}
                  | (You found it on level 4 of the Dungeon)
  2965 | D:4      | Found a sand-covered staircase.
  2973 | Ossuary  | Entered an ossuary
  3376 | Ossuary  | Gained mutation: You are robust. (+10% HP) [potion of
                  | mutation]
  3376 | Ossuary  | Lost mutation: You are robust. (+10% HP) [potion of
                  | mutation]
  3376 | Ossuary  | Gained mutation: Your flesh is cold resistant. (rC+)
                  | [potion of mutation]
  3377 | Ossuary  | Lost mutation: Your flesh is cold resistant. (rC+) [potion
                  | of mutation]
  3377 | Ossuary  | Gained mutation: You are weak. (Str -2) [potion of
                  | mutation]
  3377 | Ossuary  | Gained mutation: You are partially covered in yellow
                  | scales. (AC +2) [potion of mutation]
  3377 | Ossuary  | Gained mutation: You occasionally shout uncontrollably at
                  | your foes. [potion of mutation]
  3377 | Ossuary  | Lost mutation: You are weak. (Str -2) [potion of mutation]
  3405 | Ossuary  | Lost mutation: You occasionally shout uncontrollably at
                  | your foes. [potion of mutation]
  3405 | Ossuary  | Lost mutation: You are partially covered in yellow scales.
                  | (AC +2) [potion of mutation]
  3405 | Ossuary  | Gained mutation: You possess an exceptional clarity of
                  | mind. [potion of mutation]
  3405 | Ossuary  | Gained mutation: One of your tentacles bears a spike.
                  | [potion of mutation]
  3405 | Ossuary  | Gained mutation: You are agile. (Dex +2) [potion of
                  | mutation]
  3700 | D:4      | Found Xyos Ism's Book Emporium.
  3709 | D:4      | Found a staircase to the Ecumenical Temple.
  3721 | Temple   | Entered the Ecumenical Temple
  3981 | D:4      | Found a snail-covered altar of Cheibriados.
  3981 | D:4      | You fall into a shaft and drop 1 floor!
  3981 | D:5      | Entered Level 5 of the Dungeon
  4003 | D:5      | Reached XP level 7. HP: 41/46 MP: 10/10
  4359 | D:5      | Noticed Edmund
  4442 | D:5      | Slain by Edmund

Levels and vault maps discovered:
D:1:      onia_arrival_zoo_common, layout_rooms, minmay_tromino_v4_c
D:2:      layout_loops_ring, zin_statuary, bloody_makhleb,
          chequers_serial_rivers_room_a
D:3:      layout_basic, gammafunk_ghost_icy, first_ration, small_statue_alley_b,
          lemuel_another_geyser
D:4:      layout_cave_pools, nicolae_gozag_cash_rules_everything_around_me,
          cheibriados_altar_1, minmay_temple_entry_wispy, serial_shops, shop,
          nicolae_ossuary_entry_plus, biasface_ghost_orc_armoury, uniq_menkaure
D:5:      layout_loops_corners, gammafunk_temple_overflow_claw,
          kennysheep_mini_moat, gammafunk_ghost_grave, uniq_edmund
Temple:   jpeg_temple_alley_garden

Skill      XL: |  1  2  3  4  5  6  7 |
---------------+----------------------+-----
Stealth        | 2 3 4 6 |  6.9
Fighting       | 2 3 |  3.2
Poison Magic   | 1 3 |  3.4
Transmutations | 3 |  3.0
Dodging        | 3 |  3.0
Unarmed Combat | |  3.0
Spellcasting   | |  2.0

Action                   |  1- 3 |  4- 6 |  7- 9 || total
-------------------------+-------+-------+-------++-------
Melee: Unarmed           |    75 |   104 |    29 ||   208
       Constrict         |    22 |    21 |     4 ||    47
       Kick              |    15 |    31 |     6 ||    52
       Tentacles         |    12 |    25 |     1 ||    38
       Punch             |     1 |     2 |       ||     3
 Cast: Beastly Appendage |    24 |    16 |       ||    40
       Spider Form       |       |       |     2 ||     2
 Abil: Evoke Berserk Rag |       |       |     1 ||     1
  Use: Scroll            |     3 |     4 |     2 ||     9
       Potion            |       |     3 |     1 ||     4
 Stab: Sleeping          |     7 |     4 |       ||    11
  Eat: Chunk             |     3 |     3 |     3 ||     9
       Ration            |       |     1 |       ||     1
Armor: Skin              |     3 |     2 |     1 ||     6
Dodge: Dodged            |    40 |    53 |    19 ||   112
